 Dungeon Crawl Stone Soup version 0.31-a0-4-gefa6de2278 (webtiles) character file.

Game seed: 15669199046097810306

1356494 ketsa the Slayer (level 26, 266/266 HPs)
             Began as a Demonspawn Hedge Wizard on Apr 26, 2023.
             Was the Champion of Nemelex Xobeh.
             Escaped with the Orb
             ... and 3 runes on May 4, 2023!
             The game lasted 14:38:08 (112597 turns).

ketsa the Slayer (Demonspawn Hedge Wizard)        Turns: 112597, Time: 14:38:08

Health: 266/266    AC: 19    Str: 10    XL:     26   Next: 37%
Magic:  35/35      EV: 31    Int: 25    God:    Nemelex Xobeh [******]
Gold:   6659       SH: 17    Dex: 19    Spells: 14/37 levels left

rFire   + . .        d - +10 long sword of Licloz {vamp, rPois}
rCold   + . .        v - +5 Storm Queen's Shield {shock, Fly rElec}
rNeg    + . .        c - +6 acid dragon scales
rPois   +            (helmet restricted)
rElec   +            y - scarf {rC+ rF+}
rCorr   +            (gloves unavailable)
SInv    +            (no boots)
Will    +....        V - amulet "Zuntit" {rPois Regen+ Int+3 SInv}
Stlth   ++           e - ring of the Hare {EV+10}
HPRegen 1.44/turn    u - ring of positive energy
MPRegen 0.24/turn

%: no passive effects
@: mighty, flying, studying 2 skills, invisible
A: slimy green scales 3, demonic guardian 3, robust 2, spiny 3, demonic touch 3,
antennae 1, mutation resistance 1, inability to drink after injury 2
0: Orb of Zot
}: 3/15 runes: decaying, silver, gossamer
a: Renounce Religion, Draw Escape, Draw Destruction, Draw Summoning, Draw Stack,
Triple Draw, Deal Four, Stack Five


You escaped.
You worshipped Nemelex Xobeh.
Nemelex Xobeh was exalted by your worship.
You visited 13 branches of the dungeon, and saw 53 of its levels.
You visited the Abyss 2 times.
You also visited: Trove, Gauntlet and Ice Cave.

You collected 11154 gold pieces.
You spent 4495 gold pieces at shops.

Inventory:

Hand Weapons
 b - the +11 shortbow "Orb Guardian's Foe" {freeze, Dex+5}
   (You found it in a Gauntlet)

   Dex:       It affects your dexterity (+5).
 d - the +10 long sword of Licloz (weapon) {vamp, rPois}
   (You bought it in a shop on level 4 of the Depths)

   rPois:     It protects you from poison.
 g - the +10 sling of Youthful Indiscretion {heavy, rElec rF+ Str+3}
   (You found it on level 2 of the Realm of Zot)

   Str:       It affects your strength (+3).
   rF:        It protects you from fire.
   rElec:     It insulates you from electricity.
 l - the +4 scimitar of Teasorye {flame, rElec}
   (You bought it in a shop on level 2 of the Orcish Mines)

   rElec:     It insulates you from electricity.
 w - the +8 triple sword "Udyniruge" {heavy, Str+2}
   (You bought it in a shop on level 3 of the Elven Halls)

   Str:       It affects your strength (+2).
 I - the +9 scimitar of Linearity {pain, Will+ Int+3}
   (You took it off a minotaur on level 2 of the Realm of Zot)

   Int:       It affects your intelligence (+3).
   Will:      It increases your willpower.
Missiles
 p - 7 atropa-tipped darts
Armour
 c - +6 acid dragon scales (worn)
 q - the scarf of Baibeoz {shadows, rN+}
   (You acquired it on level 3 of the Crypt)

   rN:        It protects you from negative energy.
 t - a +2 helmet of see invisible
 v - the +5 Storm Queen's Shield (worn) {shock, Fly rElec}
   (You found it on level 5 of the Vaults)

   Shock:     When it blocks an attack, it may electrocute the attacker.
   This works even against foes who are a short distance away.
   rElec:     It insulates you from electricity.
   Fly:       It grants you flight.
 y - a scarf of resistance (worn)
Jewellery
 a - a ring of protection from cold
 e - the ring of the Hare (left hand) {EV+10}
   (You bought it in a shop on level 15 of the Dungeon)

   [ring of evasion]

   EV:        It affects your evasion (+10).
 j - a +6 ring of dexterity
 s - the ring of Koleapuo {rPois rF+ rCorr Dex+3}
   (You took it off a deep elf high priest on level 3 of the Elven Halls)

   [ring of resist corrosion]

   Dex:       It affects your dexterity (+3).
   rF:        It protects you from fire.
   rPois:     It protects you from poison.
   rCorr:     It protects you from acid and corrosion.
 u - a ring of positive energy (right hand)
 z - the amulet "Qulob" {RegenMP rElec}
   (You found it on level 4 of the Depths)

   [amulet of magic regeneration]

   It increases your rate of magic regeneration.
   rElec:     It insulates you from electricity.
 J - a ring of willpower
 N - an amulet of regeneration
 O - the necklace of Bloodlust {Fury *Rage Will++ Int-3 Slay+6}
   (You took it off a vampire knight on level 3 of the Crypt)

   [amulet of nothing]

   Fury:      It extends the wearer's berserk rage when killing foes.
   Int:       It affects your intelligence (-3).
   Slay:      It affects your accuracy & damage with ranged weapons and melee
   (+6).
   *Rage:     It berserks you when you make melee attacks (+50% chance).
   Will:      It greatly increases your willpower.
 R - an amulet of reflection
 V - the amulet "Zuntit" (around neck) {rPois Regen+ Int+3 SInv}
   (You found it in a Gauntlet)

   [amulet of regeneration]

   Int:       It affects your intelligence (+3).
   rPois:     It protects you from poison.
   SInv:      It lets you see invisible.
   Regen:     It increases your rate of health regeneration.
 X - the ring of Fecal {rC+ rN+ MP+9 Int+3 Dex-4}
   (You found it on level 11 of the Dungeon)

   [ring of protection from cold]

   Int:       It affects your intelligence (+3).
   Dex:       It affects your dexterity (-4).
   rC:        It protects you from cold.
   rN:        It protects you from negative energy.
   MP:        It affects your magic capacity (+9).
 Y - a +4 ring of protection
Wands
 r - a wand of polymorph (58)
 B - a wand of iceblast (41) (quivered)
 E - a wand of charming (46)
 K - a wand of quicksilver (11)
 P - a wand of digging (16)
 Q - a wand of mindburst (39)
Scrolls
 f - 12 scrolls of poison
 i - 3 scrolls of silence
 k - 17 scrolls of teleportation
 n - 5 scrolls of magic mapping
 C - 3 scrolls of enchant weapon
 G - 13 scrolls of fear
 H - 12 scrolls of fog
 M - 2 scrolls of amnesia
 T - a scroll of enchant armour
 Z - 7 scrolls of butterflies
Potions
 h - 8 potions of heal wounds
 m - 22 potions of curing
 o - 6 potions of attraction
 A - 7 potions of might
 S - 10 potions of flight
 U - 8 potions of lignification
Miscellaneous
 x - a lightning rod (4/4)
 D - a tin of tremorstones (2/2)


   Skills:
 + Level 21.3 Fighting
 - Level 10.7(16.6) Short Blades
 - Level 20.0(21.0) Long Blades
 - Level 15.8 Ranged Weapons
 - Level 12.3 Armour
 + Level 18.8 Dodging
 - Level 8.0 Stealth
 + Level 9.2 Shields
 - Level 6.0 Spellcasting
 - Level 6.1 Conjurations
 - Level 5.0 Hexes
 - Level 13.1 Summonings
 - Level 7.6 Translocations
 - Level 17.0 Invocations
 - Level 7.4 Evocations


You had 14 spell levels left.
You knew the following spells:

 Your Spells              Type           Power      Damage    Failure   Level
a - Magic Dart            Conj           100%       1d8       2%          1
b - Blink                 Tloc           90%        N/A       2%          2
c - Slow                  Hex            100%       N/A       4%          1
d - Call Imp              Summ           100%       N/A       1%          2
e - Gell's Gravitas       Tloc           45%        N/A       4%          3
f - Apportation           Tloc           90%        N/A       1%          1
g - Teleport Other        Tloc           45%        N/A       4%          3
h - Tukima's Dance        Hex            32%        N/A       12%         3
i - Passage of Golubria   Tloc           45%        N/A       14%         4
j - Summon Guardian Gole  Hex/Summ       51%        N/A       2%          3

Your spell library contained the following spells:

 Spells                   Type           Power      Damage    Failure   Level
 Summon Small Mammal      Summ           100%       N/A       1%          1
 Call Canine Familiar     Summ           64%        N/A       1%          3
 Portal Projectile        Hex/Tloc       78%        N/A       8%          3
 Kiss of Death            Conj/Necr      88%        2d12      9%          1
 Shock                    Conj/Air       88%        1d8       9%          1
 Summon Forest            Summ/Tloc      28%        N/A       13%         5
 Iskenderun's Mystic Bla  Conj/Tloc      41%        2d9       19%         4
 Vhi's Electric Charge    Tloc/Air       52%        N/A       21%         3
 Volatile Blastmotes      Fire/Tloc      52%        2d14      21%         3
 Animate Armour           Summ/Erth      80%        N/A       22%         4
 Summon Ice Beast         Ice/Summ       40%        N/A       22%         4
 Summon Lightning Spire   Summ/Air       40%        N/A       22%         4
 Summon Mana Viper        Hex/Summ       51%        N/A       22%         5
 Summon Cactus Giant      Summ           32%        N/A       22%         6
 Fulminant Prism          Conj/Hex       17%        3d10      32%         4
 Mephitic Cloud           Conj/Pois/Air  17%        N/A       38%         3
 Cigotuvi's Dreadful Rot  Necr/Pois/Air  14%        N/A       43%         2
 Passwall                 Tmut/Erth      5%         N/A       43%         2
 Poisonous Vapours        Pois/Air       14%        N/A       43%         2
 Sublimation of Blood     Necr           7%         N/A       43%         2
 Iskenderun's Battlesphe  Conj           38%        2d9       56%         5
 Sticky Flame             Conj/Fire      22%        2d4       65%         4
 Ignite Poison            Fire/Tmut/Pois 7%         N/A       67%         3
 Swiftness                Air            7%         N/A       67%         3
 Leda's Liquefaction      Hex/Erth       10%        N/A       75%         4
 Monstrous Menagerie      Summ           32%        N/A       77%         7
 Dispersal                Tloc           22%        N/A       91%         6
 Arcjolt                  Conj/Air       11%        1d21      94%         5
 Fireball                 Conj/Fire      11%        3d7       94%         5
 Irradiate                Conj/Tmut      11%        3d15      94%         5
 Airstrike                Air            3%         2d(1-17)  97%         4
 Dispel Undead            Necr           7%         3d8       97%         4
 Petrify                  Tmut/Erth      7%         N/A       97%         4
 Yara's Violent Unravell  Hex/Tmut       10%        3d6       97%         5
 Freezing Cloud           Conj/Ice/Air   8%         6-21      98%         5
 Spellforged Servitor     Conj/Summ      26%        N/A       99%         7
 Alistair's Intoxication  Tmut/Pois      4%         N/A       100%        5
 Blade Hands              Tmut           3%         N/A       100%        5
 Borgnjor's Vile Clutch   Necr/Erth      3%         N/A       100%        5
 Lee's Rapid Deconstruct  Erth           3%         3d5*      100%        5
 Conjure Ball Lightning   Conj/Air       11%        3x3d6     100%        6
 Death Channel            Necr           3%         N/A       100%        6
 Eringya's Noxious Bog    Tmut/Pois      3%         N/A       100%        6
 Iron Shot                Conj/Erth      11%        9d3       100%        6
 Simulacrum               Ice/Necr       3%         N/A       100%        6
 Statue Form              Tmut/Erth      4%         N/A       100%        6
 Dragon Form              Tmut           3%         N/A       100%        7
 Orb of Destruction       Conj           19%        9d8       100%        7
 Ozocubu's Refrigeration  Ice            3%         4d8       100%        7
 Storm Form               Tmut/Air       3%         N/A       100%        7
 Borgnjor's Revivificati  Necr           3%         N/A       100%        8
 Discord                  Hex            16%        N/A       100%        8
 Disjunction              Tloc           22%        N/A       100%        8
 Ignition                 Fire           3%         3d4       100%        8
 Infestation              Necr           3%         N/A       100%        8
 Maxwell's Capacitive Co  Air            3%         ∞         100%        8
 Necromutation            Tmut/Necr      3%         N/A       100%        8
 Chain Lightning          Conj/Air       11%        3d14      100%        9
 Death's Door             Necr           3%         N/A       100%        9
 Polar Vortex             Ice            3%         N/A       100%        9


Dungeon Overview and Level Annotations

Branches:
Dungeon (15/15)            Temple (1/1) D:5            Lair (5/5) D:8
  Swamp (4/4) Lair:3       Spider (4/4) Lair:3        Slime (1/5) Lair:4
    Orc (2/2) D:9             Elf (3/3) Orc:2        Vaults (5/5) D:13
  Crypt (3/3) Vaults:3       Tomb (1/3) Crypt:3      Depths (4/4) D:15
    Zot (5/5) Depths:4      IceCv (visited)         Gauntlet (visited)

Altars:
Ashenzari
Cheibriados
Dithmenos
Fedhas
Gozag
Hepliaklqana
Kikubaaqudgha
Makhleb
Nemelex Xobeh
Okawaru
Qazlal
Ru
Sif Muna
Trog
Uskayaw
Vehumet
Wu Jian
Xom
Yredelemnul
Jiyva

Shops:
D:4 =   D:6 =   D:8 :   D:11 *(*[(   D:15 =   Orc:1 ?   Orc:2 ((=[?   Elf:1 :
Elf:2 [*   Elf:3 (   Vaults:5 ?   Depths:2 :   Depths:4 [(

Portals:
Hell: Depths:1 Depths:2 Depths:3 Depths:4
Abyss: Depths:1 Depths:3 Depths:4
Pandemonium: Depths:1 Depths:2 Depths:4
Ziggurat: Depths:3

Annotations:
D:8 1 transporter
D:10 exclusion: downstairs
Lair:2 exclusion: downstairs
Swamp:3 exclusion: 2 downstairs
Elf:1 exclusion: downstairs
Crypt:1 exclusion: downstairs
Depths:1 exclusion: downstairs
Zot:4 exclusion: downstairs


Innate Abilities, Weirdness & Mutations

You are completely covered in slimy green scales. (AC +4, rPois)
A powerful demonic guardian rushes to your aid.
You are very robust. (+20% HP)
You are completely covered in sharp spines.
Your touch may irresistibly damage your foes and sap their willpower.
You have a pair of small antennae on your head.
You are somewhat resistant to further mutation.
You sometimes lose the ability to drink potions when taking damage.


Message History

You fly upwards.
There is a stone staircase leading down here.
You hit the hell beast.
The hell beast is severely wounded.
You block the hell beast's attack. x2
Your shield discharges, shocking the hell beast!
You slash the hell beast!
You kill the hell beast!
An Uraedd, a sixfirhy and a large abomination come into view.
You block the sixfirhy's attack. You block the sixfirhy's attack.
Your shield discharges, shocking the sixfirhy!
The sixfirhy completely resists.
The sixfirhy is struck by your spines. The sixfirhy barely misses you.
The sixfirhy is struck by your spines. The sixfirhy completely misses you.
You block the sixfirhy's attack. The sixfirhy attacks as you move away!
You block the sixfirhy's attack.
Your shield discharges, shocking the sixfirhy!
The sixfirhy completely resists.
Uraedd blinks!
The sixfirhy attacks as you move away! The sixfirhy is struck by your spines.
The sixfirhy completely misses you. x2; You block the sixfirhy's attack.
The sixfirhy is struck by your spines.
You kill the sixfirhy! 2 sun demons come into view.
There is a stone staircase leading up here.
The sun demon shouts!
You fly upwards.
There is a stone staircase leading down here.
There is an open door here.
A sixfirhy comes into view.
There is a stone staircase leading up here.
You fly upwards.
There is a stone staircase leading down here.
You see here a +0 club.
There is a staircase leading out of the dungeon here.
You feel very mighty all of a sudden.
You fade into invisibility!
Enter note: YESSSS Unknown command.
You have escaped!

#.....# ####### #.......
#..#### ##.##### #.....# #.#
#..#.## #.# #..#.##♣♣♣♣ #.#
#..#......♣♣ ♣♣♣ #.#
#..##....>.♣♣♣♣♣.♣♣♣♣♣♣##.##
#..####♣..♣.♣...♣♣♣..♣..)..##
#..####♣♣♣.♣..@....♣♣.♣##.#.###
#.....# ♣♣♣♣....♣.♣♣..##......
#..#### ♣♣♣♣♣♣♣♣♣♣♣####.###
#.## #.#.## #.# ##.## #.#
####### ###.####### ### #...
..........###.#####♣ #.##
###.#####..........### #>..


There were no monsters in sight!

Vanquished Creatures
  An ancient lich (Zot:5)
  A pandemonium lord (D:13)
  2 orbs of fire (Zot:5)
  2 dread liches
  A juggernaut (Depths:3)
  Boris (Crypt:1)
  3 Killer Klowns
  The ghost of Putsipo the Middleweight Champion, a veteran GrGl of Makhleb (Vaults:2)
  9 caustic shrikes
  11 golden dragons
  A bone dragon (Depths:4)
  2 doom hounds (Crypt:3)
  An iron giant (Zot:1)
  15 tentacled monstrosities
  25 Orb Guardians
  3 electric golems
  4 titans
  2 deep elf blademasters
  A walking crystal tome (Depths:3)
  2 deep elf master archers (Elf:3)
  7 liches
  4 quicksilver dragons
  Grunn (Crypt:3)
  A walking divine tome (Depths:2)
  A walking frostbound tome (Depths:3)
  7 death cobs
  2 tentacled starspawn (Abyss:3)
  Agnes (D:15)
  2 sphinxes
  An Executioner (Depths:1)
  A thorn hunter (Swamp:4)
  An ancient champion (Crypt:1)
  9 shadow dragons
  6 tengu reavers
  15 storm dragons
  6 draconian knights
  2 revenants (Crypt:2)
  10 fire giants
  3 frost giants
  13 deep elf sorcerers
  13 vault wardens
  4 iron dragons
  5 emperor scorpions
  7 draconian scorchers
  The ghost of Suoweyxo the Swashbuckler, an adept KoBr of Ru (Elf:2)
  8 ghost moths
  2 deep elf elementalists (Elf:3)
  4 draconian shifters
  A curse skull (Crypt:1)
  2 draconian stormcallers
  A cacodemon (Abyss:3)
  3 draconian annihilators
  A reaper (Crypt:2)
  The ghost of senseless the Thaumaturge, a journeyman DjFE of Qazlal (Lair:4)
  27 very ugly things
  15 stone giants
  4 war gargoyles (Vaults:4)
  5 ghouls
  A juggernaut skeleton (Crypt:3)
  7 ironbound thunderhulks
  A putrid mouth (Crypt:3)
  21 vampire knights
  2 eleionomae
  8 ironbound preservers
  9 green draconians
  4 deep elf demonologists
  A quicksilver ooze (Zot:1)
  6 bunyips
  A lorocyproca (D:14)
  7 purple draconians
  9 dire elephants
  9 black draconians
  15 spark wasps
  2 minotaurs
  11 red draconians
  4 deep elf annihilators
  5 eidola
  7 white draconians
  5 yellow draconians
  A spark wasp (shapeshifter) (Vaults:4)
  11 ettins
  11 fire dragons
  7 deep elf death magi
  A crystal guardian (Vaults:4)
  A mummy priest (Depths:4)
  6 entropy weavers
  A blizzard demon (Depths:2)
  13 jiangshi
  11 yaktaur captains
  Josephine (D:13)
  A shambling mangrove (Swamp:4)
  8 deep elf high priests
  6 ice dragons
  9 great orbs of eyes
  31 vault guards
  2 peacekeepers (Vaults:4)
  An ogre mage (Orc:2)
  2 radroaches (Spider:4)
  3 hell beasts
  15 hydras
  A catoblepas (D:13)
  A spriggan air mage (Swamp:3)
  4 jorogumos
  10 ironbound frosthearts
  3 rakshasas
  4 alligators
  10 death yaks
  21 centaur warriors
  22 dancing weapons
  2 death knights (Crypt:1)
  5 deep troll shamans
  An alligator (shapeshifter) (D:15)
  8 vampire magi
  3 boulder beetles
  12 deep troll earth magi
  10 two-headed ogres
  5 tengu warriors
  2 hell hogs
  A titan zombie (Crypt:3)
  A storm dragon zombie (Crypt:3)
  7 orc high priests
  A thrashing horror (Gauntlet)
  Sonja (D:11)
  A soul eater (Depths:2)
  6 hell knights
  9 spriggans
  3 sun demons
  Amaemon (D:11)
  7 deep elf knights
  A shadow wraith (Vaults:5)
  A death drake (Zot:1)
  8 pharaoh ants
  3 sixfirhies
  29 skeletal warriors
  4 skysharks
  5 goliath frogs
  2 shadow demons (Depths:4)
  3 sun moths
  14 swamp dragons
  A bunyip zombie (Crypt:3)
  3 iron trolls
  2 glowing orange brains
  4 spriggan druids
  An anaconda zombie (Crypt:1)
  24 deep trolls
  An orange crystal statue (Depths:3)
  4 bog bodies
  An iron giant skeleton (Crypt:1)
  A spriggan simulacrum (Crypt:3)
  24 phantasmal warriors
  13 deep elf archers
  A lindwurm (Vaults:2)
  10 wizards
  13 orb spiders
  16 ironbound convokers
  5 flayed ghosts
  24 deep elf zephyrmancers
  An obsidian statue (Elf:2)
  An orc knight (D:15)
  28 deep elf pyromancers
  4 steelbarb worms
  5 harpies
  7 necromancers
  An iron dragon zombie (Depths:3)
  A tengu skeleton (Depths:3)
  A wolf spider (shapeshifter) (Vaults:4)
  15 wolf spiders
  A salamander (Elf:1)
  An orc sorcerer (Orc:1)
  7 will-o-the-wisps
  4 cyclopes
  28 moths of wrath
  A fire giant skeleton (Crypt:3)
  6 black mambas
  39 ugly things
  A dire elephant zombie (Crypt:3)
  A centaur zombie (Abyss:3)
  A rust devil (Depths:2)
  An alligator snapping turtle zombie (Crypt:3)
  16 vault sentinels
  A stone giant skeleton (Crypt:3)
  5 manticores
  Maurice (D:11)
  2 ice statues (IceCv)
  3 torpor snails
  A guardian serpent (shapeshifter) (Depths:2)
  3 demonic crawlers
  8 cane toads
  4 gargoyles
  A titan simulacrum (Crypt:1)
  3 orange demons
  A purple draconian zombie (Crypt:2)
  7 rime drakes
  33 yaktaurs
  Maggie (D:10)
  A centaur skeleton (Crypt:3)
  5 freezing wraiths
  An efreet (Abyss:3)
  3 anaconda simulacra (IceCv)
  A komodo dragon (shapeshifter) (Depths:2)
  8 komodo dragons
  2 ancient zymes (Abyss:3)
  A spark wasp simulacrum (Depths:3)
  A tormentor (Zot:4)
  2 kobold demonologists (Depths:4)
  A harpy zombie (Crypt:3)
  4 ice devils (IceCv)
  A yellow draconian skeleton (Crypt:2)
  3 tengu conjurers
  A grey draconian skeleton (Crypt:1)
  A hydra zombie (Crypt:3)
  5 guardian mummies (Crypt:3)
  A polar bear (shapeshifter) (D:15)
  2 merfolk (shapeshifter)
  3 polar bears
  6 meliai (Spider:2)
  2 queen bees
  4 trolls
  7 tyrant leeches
  A death drake zombie (Crypt:1)
  A wind drake (Lair:3)
  10 hornets
  A guardian serpent zombie (Crypt:1)
  Grinder (D:4)
  3 raiju (Abyss:3)
  An ice dragon zombie (Crypt:2)
  20 tarantellas
  27 blink frogs
  A jumping spider zombie (Crypt:1)
  18 dream sheep
  2 harpy skeletons (Crypt:1)
  An ettin zombie (Crypt:3)
  36 jumping spiders
  A black mamba zombie (Crypt:2)
  25 culicivoras
  30 slime creatures
  An air elemental (Elf:3)
  5 flying skulls (Gauntlet)
  5 water elementals
  37 yaks
  A shadow (D:11)
  An ice dragon skeleton (Crypt:3)
  A tyrant leech zombie (Crypt:1)
  4 wyverns
  A slime creature zombie (Crypt:3)
  5 dire elephant simulacra
  14 wraiths
  An alligator skeleton (Crypt:1)
  5 vampires
  5 fire elementals
  A fire bat (Gauntlet)
  4 basilisks
  15 humans (D:13)
  2 steam dragons
  51 redbacks
  2 neqoxecs (Depths:2)
  16 vampire mosquitoes
  6 wargs
  A harpy simulacrum (IceCv)
  A deep troll zombie (Crypt:3)
  8 swamp worms
  4 acid dragons
  A fire bat zombie (Crypt:2)
  3 hell hounds (Gauntlet)
  16 water moccasins
  A faun skeleton (Crypt:1)
  5 naga zombies
  5 floating eyes (Depths:3)
  A hydra simulacrum (IceCv)
  A floating eye (shapeshifter) (Depths:3)
  11 swamp drakes
  3 black bears
  3 ice beasts (D:6)
  A two-headed ogre skeleton (Crypt:1)
  11 orc warriors
  3 ogres
  A wolf (D:8)
  A snapping turtle skeleton (Crypt:1)
  7 boggarts
  A tengu (shapeshifter) (Vaults:3)
  A hog zombie (Crypt:3)
  10 centaurs
  A dream sheep skeleton (Crypt:2)
  A phantom (D:3)
  2 kobold brigands (D:7)
  6 small abominations
  A gnoll sergeant (D:11)
  4 earth elementals
  6 bullfrogs
  2 necrophages (Crypt:1)
  A two-headed ogre simulacrum (IceCv)
  5 wights (D:6)
  22 killer bees
  A polar bear skeleton (Crypt:3)
  2 howler monkeys
  6 electric eels
  A yak skeleton (Crypt:2)
  A shapeshifter skeleton (Crypt:3)
  6 hounds
  2 jellies
  29 orc priests
  3 sleepcaps
  Ijyb (D:3)
  9 iguanas
  18 orc wizards
  7 mummies (Crypt:3)
  8 gnolls
  4 adders
  A shadow imp (D:13)
  13 white imps
  An iguana zombie (Crypt:3)
  5 worms
  4 dart slugs
  62 orcs
  6 ball pythons
  4 endoplasms
  6 giant cockroaches
  6 goblins
  4 hobgoblins
  20 kobolds
  3 quokkas
  A ball python skeleton (Crypt:2)
  7 bats
  2 frilled lizards (D:1)
  A jackal skeleton (Crypt:1)
  A quokka zombie (Crypt:3)
  5 rats
  A rat skeleton (Crypt:3)
2017 creatures vanquished.

Vanquished Creatures (collateral kills)
  3 dread liches (Zot:5)
  An ancient lich (Zot:5)
  An orb of fire (Zot:5)
  2 curse toes
  A golden dragon (Depths:3)
  A bone dragon (Crypt:3)
  2 tentacled monstrosities (Zot:2)
  A draconian monk (Zot:3)
  A fenstrider witch (Swamp:3)
  A storm dragon (Zot:3)
  A tengu reaver (Depths:3)
  3 fire giants
  A draconian knight (Zot:4)
  An iron dragon (Depths:3)
  A ghost moth (Spider:4)
  A frost giant (Depths:2)
  A draconian stormcaller (Zot:3)
  A draconian scorcher (Zot:3)
  3 emperor scorpions (Spider:4)
  A draconian shifter (Zot:2)
  2 ghouls
  A draconian annihilator (Zot:1)
  3 very ugly things
  A stone giant (Vaults:4)
  An ironbound preserver (Vaults:3)
  A reaper (IceCv)
  2 vampire knights
  A red draconian (Zot:3)
  An eleionoma (Swamp:2)
  2 putrid mouths
  A black draconian (Zot:3)
  A yellow draconian (Zot:2)
  A purple draconian (Zot:4)
  A dire elephant (Vaults:1)
  A spark wasp (Depths:4)
  2 white draconians
  3 ettins
  A green death (Abyss:3)
  A blizzard demon (Abyss:3)
  A deep elf death mage (Elf:3)
  3 yaktaur captains
  3 ice dragons
  3 vault guards (Vaults:4)
  2 spriggan air magi
  3 alligators
  5 two-headed ogres
  2 dancing weapons
  A deep troll shaman (Depths:3)
  A boulder beetle (D:12)
  A death yak (Lair:5)
  An orc high priest (Orc:2)
  A wretched star (Abyss:3)
  A deep elf knight (Elf:3)
  2 iron trolls (Depths:3)
  A fire crab (Lair:5)
  2 deep trolls (Depths:3)
  2 skeletal warriors (Crypt:3)
  2 swamp dragons
  2 bog bodies
  A wizard (Vaults:4)
  A spriggan druid (Swamp:4)
  A deep elf archer (Elf:1)
  A necromancer (Crypt:1)
  A lindwurm (Elf:1)
  A deep elf zephyrmancer (Elf:3)
  A steelbarb worm (Spider:4)
  A phantasmal warrior (Crypt:1)
  An ironbound convoker (Vaults:4)
  4 ugly things
  A deep elf pyromancer (Elf:3)
  A manticore (D:14)
  An elephant (Elf:1)
  A moth of wrath (Zot:5)
  2 vault sentinels (Vaults:5)
  2 black mambas
  A demonic crawler (Spider:2)
  A torpor snail (Spider:4)
  An orange demon (Abyss:3)
  2 yaktaurs (Vaults:3)
  A tormentor (Crypt:3)
  An anaconda simulacrum (IceCv)
  2 red devils
  An ice devil (IceCv)
  2 tyrant leeches
  A wind drake (Elf:3)
  2 blink frogs
  2 tarantellas
  A troll (D:8)
  A dream sheep (shapeshifter) (D:14)
  3 slime creatures
  A ynoxinul (Abyss:3)
  A dire elephant simulacrum (Abyss:3)
  2 culicivoras
  A vampire (D:10)
  3 jumping spiders
  7 yaks
  2 fire bats (Gauntlet)
  A steam dragon (Lair:5)
  3 humans (D:13)
  4 redbacks
  A vampire mosquito (D:12)
  A death yak simulacrum (IceCv)
  2 wargs (Orc:2)
  A swamp worm (Lair:4)
  2 water moccasins (Lair:5)
  A floating eye (Elf:1)
  A bullfrog (Lair:4)
  A cane toad simulacrum (IceCv)
  A yak zombie (Crypt:2)
  2 electric eels
  2 orc priests (Orc:2)
  A gnoll (D:5)
  7 orcs
  A goblin (D:2)
  A kobold (D:1)
  A quokka (D:1)
  A frilled lizard (D:2)
  2 starspawn tentacles (Abyss:3)
191 creatures vanquished.

Vanquished Creatures (others)
  A revenant (Crypt:1)
  A frost giant (Vaults:4)
  A deep elf death mage (Elf:3)
  A vault guard (Vaults:5)
  A deep elf knight (Elf:3)
  A skeletal warrior (Crypt:3)
  An orb spider (Elf:3)
  A wizard (Vaults:2)
  A deep elf archer (Elf:3)
  2 deep elf pyromancers
  A deep elf zephyrmancer (Elf:3)
  A wolf spider (Spider:2)
  A moth of wrath (Zot:3)
  A dancing weapon (Zot:4)
  A yaktaur (Vaults:5)
  A bloated husk (Swamp:2)
  A hornet (Spider:4)
  An air elemental (Elf:3)
  A basilisk (Lair:5)
  A floating eye (Elf:3)
  32 foxfires
  38 fungi
  107 plants
  2 starspawn tentacles (Abyss:3)
200 creatures vanquished.

Grand Total: 2408 creatures vanquished

Notes
Turn   | Place    | Note
-------+----------+-------------------------------------------
     0 | D:1      | ketsa the Demonspawn Hedge Wizard began the quest for the
                  | Orb.
     0 | D:1      | Reached XP level 1. HP: 13/13 MP: 4/4
    31 | D:1      | Reached skill level 1 in Translocations
   260 | D:1      | Gained mutation: A weak demonic guardian rushes to your
                  | aid. [demonic ancestry]
   260 | D:1      | Reached XP level 2. HP: 11/19 MP: 0/6
   445 | D:1      | Reached skill level 1 in Short Blades
   966 | D:2      | Learned a level 2 spell: Blink
  1039 | D:2      | Gained mutation: Your touch may inflict minor irresistible
                  | damage on your foes. [demonic ancestry]
  1039 | D:2      | Reached XP level 3. HP: 14/24 MP: 7/7
  1534 | D:2      | Identified the +6 sling "Poalamp" {speed, Drain rPois rC+}
  1796 | D:2      | Found a broken altar of Ashenzari.
  2243 | D:3      | Gained mutation: You are partially covered in sharp spines.
                  | [demonic ancestry]
  2243 | D:3      | Reached XP level 4. HP: 28/30 MP: 9/9
  2585 | D:3      | Found a faded altar of an unknown god.
  2667 | D:3      | Noticed Ijyb
  2676 | D:3      | Killed Ijyb
  3059 | D:4      | Found a stormy altar of Qazlal.
  3077 | D:5      | Entered Level 5 of the Dungeon
  3097 | D:4      | Found a hazy altar of Hepliaklqana.
  3148 | D:4      | Noticed a phantom
  3267 | D:4      | Noticed Grinder
  3382 | D:4      | Reached XP level 5. HP: 35/35 MP: 4/10
  3409 | D:3      | Killed a phantom
  3468 | D:4      | Reached XP level 6. HP: 38/41 MP: 8/11
  3694 | D:5      | Found a staircase to the Ecumenical Temple.
  3717 | Temple   | Entered the Ecumenical Temple
  4027 | Temple   | Became a worshipper of Nemelex Xobeh the Trickster
  4139 | D:4      | Found Sepp's Jewellery Shoppe.
  4309 | D:5      | Found an opulent altar of Gozag.
  4344 | D:5      | Reached * piety under Nemelex Xobeh
  4554 | D:5      | Received a gift from Nemelex Xobeh
  4839 | D:5      | Noticed a water moccasin
  4850 | D:5      | Killed a water moccasin
  4851 | D:5      | Gained mutation: You are partially covered in slimy green
                  | scales. (AC +2) [demonic ancestry]
  4851 | D:5      | Reached XP level 7. HP: 16/46 MP: 5/13
  5703 | D:6      | Found Ceclur's Jewellery Boutique.
  6033 | D:6      | Reached skill level 5 in Short Blades
  6285 | D:6      | Reached XP level 8. HP: 36/52 MP: 9/15
  6540 | D:6      | Reached skill level 5 in Spellcasting
  6681 | D:6      | Reached ** piety under Nemelex Xobeh
  6705 | D:6      | Reached skill level 1 in Fighting
  6823 | D:6      | Noticed a moth of wrath
  6826 | D:6      | Found a bloodstained altar of Trog.
  7282 | D:7      | Reached skill level 2 in Fighting
  7759 | D:7      | Reached XP level 9. HP: 62/62 MP: 16/16
  8203 | D:8      | Noticed a troll
  8227 | D:8      | Found a transporter.
  8232 | D:8      | Found a transporter.
  8590 | D:8      | Received a gift from Nemelex Xobeh
  8823 | D:8      | Killed a troll
  8824 | D:8      | Reached skill level 3 in Fighting
  9174 | D:8      | Found Reluuwae's Book Emporium.
  9240 | D:8      | Found a staircase to the Lair.
  9253 | Lair:1   | Entered Level 1 of the Lair of Beasts
  9438 | D:9      | Noticed a two-headed ogre
  9645 | Lair:1   | Reached *** piety under Nemelex Xobeh
  9648 | Lair:1   | Noticed a black mamba
  9654 | Lair:1   | Killed a black mamba
  9655 | Lair:1   | Reached skill level 4 in Fighting
  9697 | Lair:1   | Noticed a komodo dragon
  9705 | Lair:1   | Killed a komodo dragon
  9721 | Lair:1   | Gained mutation: Your touch may inflict irresistible damage
                  | on your foes. [demonic ancestry]
  9721 | Lair:1   | Reached XP level 10. HP: 53/73 MP: 17/17
  9724 | Lair:1   | Reached skill level 5 in Stealth
  9831 | Lair:1   | Noticed a cane toad
  9905 | Lair:1   | Noticed a cane toad
  9927 | Lair:1   | Received a gift from Nemelex Xobeh
  9967 | Lair:1   | Noticed a cane toad
 10018 | Lair:1   | Killed a cane toad
 10125 | Lair:1   | Reached skill level 5 in Fighting
 10125 | Lair:1   | Reached skill level 5 in Dodging
 10188 | Lair:1   | Killed a cane toad
 10332 | D:8      | a cane toad changed into a rime drake
 10982 | Lair:1   | Reached **** piety under Nemelex Xobeh
 11264 | Lair:2   | Noticed a black mamba
 11276 | Lair:2   | Reached skill level 6 in Fighting
 11355 | Lair:2   | Killed a black mamba
 11356 | Lair:2   | Reached XP level 11. HP: 70/81 MP: 18/18
 11410 | Lair:2   | Reached skill level 10 in Short Blades
 11486 | Lair:3   | Noticed a death yak
 11486 | Lair:3   | Noticed a death yak
 11486 | Lair:3   | Noticed a death yak
 11486 | Lair:3   | Noticed a death yak
 11501 | Lair:2   | Found a stormy altar of Qazlal.
 11768 | Lair:1   | Reached skill level 1 in Hexes
 11815 | Lair:2   | Learned a level 1 spell: Slow
 12294 | Lair:2   | Received a gift from Nemelex Xobeh
 12330 | Lair:2   | Reached skill level 7 in Fighting
 12816 | Lair:2   | Reached skill level 1 in Armour
 12909 | Lair:2   | Reached skill level 1 in Evocations
 12975 | Lair:3   | Noticed a bog body
 12999 | Lair:3   | Noticed Urug
 13002 | Lair:3   | Urug changed into Urug the wind drake
 13002 | Lair:3   | Noticed Urug
 13018 | Lair:3   | Killed Urug the wind drake
 13290 | Lair:3   | Found a hole to the Spider Nest.
 13459 | Spider:1 | Entered Level 1 of the Spider Nest
 13817 | Lair:3   | Reached XP level 12. HP: 89/92 MP: 19/19
 14035 | Lair:3   | Received a gift from Nemelex Xobeh
 14035 | Lair:3   | Found a staircase to the Swamp.
 14192 | Lair:3   | Killed a death yak
 14405 | Lair:2   | Killed a death yak
 14513 | Lair:2   | Killed a death yak
 14514 | Lair:2   | Reached skill level 8 in Fighting
 14726 | Lair:2   | Killed a death yak
 15241 | D:4      | Killed Grinder
 15573 | D:9      | Noticed a two-headed ogre
 15668 | D:9      | Killed a two-headed ogre
 15673 | D:9      | Learned a level 2 spell: Call Imp
 15772 | D:9      | Found a broken altar of Ashenzari.
 15799 | D:9      | Killed a two-headed ogre
 15996 | D:9      | Received a gift from Nemelex Xobeh
 16025 | D:9      | Reached ***** piety under Nemelex Xobeh
 16173 | D:9      | Found a staircase to the Orcish Mines.
 16190 | Orc:1    | Entered Level 1 of the Orcish Mines
 16287 | Orc:1    | Found Meeli's Magic Scroll Emporium.
 16303 | Orc:1    | Bought a scroll of identify for 30 gold pieces
 16529 | D:9      | Noticed a two-headed ogre
 16545 | D:9      | Killed a two-headed ogre
 16689 | D:9      | Received a gift from Nemelex Xobeh
 16736 | D:10     | Entered Level 10 of the Dungeon
 16750 | D:10     | Noticed a two-headed ogre
 17073 | D:10     | Reached skill level 5 in Armour
 17210 | D:11     | Noticed Sonja
 17216 | D:11     | Killed Sonja
 17315 | D:11     | Found Aharchuc's Weapon Emporium.
 17413 | D:11     | Found Vokawk's Weapon Shop.
 17414 | D:11     | Noticed Amaemon
 17483 | D:11     | Found Beics's Assorted Antiques.
 17486 | D:11     | Bought a dazzling rapier for 261 gold pieces
 17486 | D:11     | Identified the +1 rapier of Zeysea {flame, +Blink rF++
                  | Will- Dex+3} (You bought it in a shop on level 11 of the
                  | Dungeon)
 17508 | D:11     | Found Plog's Antique Armour Boutique.
 17557 | D:11     | Identified the ring of Fecal {rC+ rN+ MP+9 Int+3 Dex-4}
 17601 | D:11     | Found Vottan's General Store.
 17615 | D:11     | Noticed a boulder beetle
 17618 | D:11     | Killed a boulder beetle
 17738 | D:10     | Noticed a two-headed ogre
 17741 | D:10     | Noticed Maggie
 17762 | D:10     | Killed a two-headed ogre
 17768 | D:10     | Killed a two-headed ogre
 18315 | D:10     | Noticed a two-headed ogre
 18326 | D:10     | Killed a two-headed ogre
 18327 | D:10     | Reached skill level 5 in Summonings
 18328 | D:10     | Noticed a two-headed ogre
 18669 | Lair:4   | Noticed a four-headed hydra
 19036 | Lair:4   | Found a runed translucent door.
 19037 | Lair:4   | Noticed a boulder beetle
 19039 | Lair:4   | Noticed senseless's ghost (journeyman DjFE)
 19062 | Lair:4   | Received a gift from Nemelex Xobeh
 19095 | Lair:4   | Reached skill level 5 in Evocations
 19095 | Lair:4   | Gained mutation: A demonic guardian rushes to your aid.
                  | [demonic ancestry]
 19095 | Lair:4   | Reached XP level 13. HP: 92/100 MP: 18/20
 19273 | Lair:5   | Entered Level 5 of the Lair of Beasts
 19292 | Lair:4   | Reached skill level 9 in Fighting
 20300 | Orc:1    | Paralysed by an orc sorcerer for 3 turns
 20824 | Orc:1    | Received a gift from Nemelex Xobeh
 21026 | Orc:2    | Entered Level 2 of the Orcish Mines
 21231 | Orc:2    | Received a gift from Nemelex Xobeh
 21276 | Orc:2    | Found a staircase to the Elven Halls.
 21285 | Elf:1    | Entered Level 1 of the Elven Halls
 22082 | Orc:2    | Found Vemetrug's Jewellery Boutique.
 22418 | Orc:2    | Reached skill level 5 in Translocations
 22610 | Orc:2    | Found Ovux Ira's Magic Scroll Boutique.
 22610 | Orc:2    | Found Yjiwk's Armour Shoppe.
 23082 | Orc:2    | Reached skill level 10 in Fighting
 23301 | Orc:2    | Found Fapony's Antique Weapon Boutique.
 23301 | Orc:2    | Found Puusuim's Weapon Shoppe.
 23317 | Orc:2    | Bought a jewelled scimitar for 234 gold pieces
 23317 | Orc:2    | Identified the +4 scimitar of Teasorye {flame, rElec} (You
                  | bought it in a shop on level 2 of the Orcish Mines)
 23368 | Orc:2    | Received a gift from Nemelex Xobeh
 23528 | Orc:2    | Bought a scroll of identify for 24 gold pieces
 23528 | Orc:2    | Bought a scroll of identify for 24 gold pieces
 23746 | Elf:1    | Reached skill level 1 in Invocations
 23909 | Elf:3    | Entered Level 3 of the Elven Halls
 24359 | D:11     | Received a gift from Nemelex Xobeh
 24701 | D:10     | Killed Maggie
 24965 | D:10     | Learned a level 3 spell: Gell's Gravitas
 26021 | Lair:4   | Found a runed translucent door.
 26021 | Lair:4   | Found a viscous altar of Jiyva.
 26022 | Lair:4   | Found a staircase to the Slime Pits.
 26073 | Lair:4   | Received a gift from Nemelex Xobeh
 26099 | Lair:4   | Reached skill level 5 in Invocations
 26099 | Lair:4   | Reached XP level 14. HP: 71/110 MP: 21/21
 26883 | Lair:5   | Reached skill level 10 in Dodging
 27460 | Lair:4   | Killed senseless's ghost
 29079 | Lair:5   | Reached skill level 10 in Invocations
 29295 | Lair:5   | Reached ****** piety under Nemelex Xobeh
 29295 | Lair:5   | Received a gift from Nemelex Xobeh
 29507 | Slime:1  | Entered Level 1 of the Pits of Slime
 30561 | Lair:5   | Identified the +0 quarterstaff of Lies {drain, +Blink Int-3
                  | Dex+3}
 30895 | Swamp:1  | Entered Level 1 of the Swamp
 32091 | Spider:1 | Learned a level 1 spell: Apportation
 32095 | Spider:1 | Learned a level 3 spell: Teleport Other
 32544 | D:11     | Received a gift from Nemelex Xobeh
 32565 | D:11     | Killed Amaemon
 32609 | D:11     | Reached skill level 1 in Long Blades
 32684 | D:11     | Noticed a green very ugly thing
 32736 | D:11     | Killed a green very ugly thing
 32737 | D:11     | Reached XP level 15. HP: 36/115 MP: 24/24
 33454 | D:12     | Noticed Maurice
 33669 | D:11     | Killed Maurice
 33876 | D:12     | Found an ornate altar of the Wu Jian Council.
 33942 | D:13     | Noticed Josephine
 33947 | D:13     | Found a frozen archway.
 33950 | D:13     | Received a gift from Nemelex Xobeh
 33960 | D:13     | Noticed Erolcha
 33963 | D:13     | Erolcha changed into Erolcha the queen bee
 33963 | D:13     | Noticed Erolcha
 33972 | D:13     | Killed Erolcha the queen bee
 33994 | IceCv    | Entered an ice cave
 34187 | IceCv    | Reached skill level 10 in Armour
 34299 | IceCv    | Reached skill level 5 in Conjurations
 34642 | IceCv    | Identified a scroll of acquirement
 35309 | D:13     | Reached skill level 1 in Shields
 35439 | D:13     | Reached skill level 11 in Fighting
 35475 | D:13     | Found a gate to the Vaults.
 36256 | D:12     | Upgraded the game from 0.30-a0-1160-g6e42c06551 to
                  | 0.30-a0-1161-g0704695555
 36399 | D:14     | Found a gate leading to a gauntlet.
 36706 | Gauntlet | Entered a Gauntlet
 36706 | Gauntlet | Found a transporter.
 36706 | Gauntlet | Found a transporter.
 36706 | Gauntlet | Found a transporter.
 36707 | Gauntlet | Found a transporter.
 36710 | Gauntlet | Found a transporter.
 36710 | Gauntlet | Found a transporter.
 36715 | Gauntlet | Received a gift from Nemelex Xobeh
 36720 | Gauntlet | Found a transporter.
 36724 | Gauntlet | Found a transporter.
 36724 | Gauntlet | Found a transporter.
 36726 | Gauntlet | Found a large runed translucent door.
 36727 | Gauntlet | Found a large runed translucent door.
 36728 | Gauntlet | Found a large runed translucent door.
 36728 | Gauntlet | Found a large runed translucent door.
 36728 | Gauntlet | Found a runed translucent door.
 36729 | Gauntlet | Found a large runed translucent door.
 36729 | Gauntlet | Found a runed translucent door.
 36730 | Gauntlet | Found a large runed translucent door.
 36730 | Gauntlet | Found a large runed translucent door.
 36730 | Gauntlet | Found a large runed translucent door.
 36730 | Gauntlet | Found a large runed translucent door.
 36730 | Gauntlet | Found a large runed translucent door.
 36731 | Gauntlet | Found a large runed translucent door.
 36731 | Gauntlet | Found a large runed translucent door.
 36732 | Gauntlet | Found a runed translucent gate.
 36732 | Gauntlet | Found a runed translucent gate.
 36734 | Gauntlet | Found a transporter.
 36735 | Gauntlet | Found a transporter.
 36766 | Gauntlet | Found a transporter.
 36850 | Gauntlet | Found a runed translucent gate.
 36935 | Gauntlet | Identified the +6 mace of Ysuotwas {heavy, rN++ Dex+2}
 36984 | Gauntlet | Identified the amulet "Zuntit" {rPois Regen+ Int+3 SInv}
 37003 | Gauntlet | Found a large runed translucent door.
 37003 | Gauntlet | Found a large runed translucent door.
 37005 | Gauntlet | Found a large runed translucent door.
 37005 | Gauntlet | Found a large runed translucent door.
 37187 | Gauntlet | Identified the +0 helmet "Sozaonko" {rPois}
 37243 | Gauntlet | Got the Papyrus of the Switch
 37245 | Gauntlet | Identified the +2 troll leather armour of Dithmenos's
                  | Regard {rPois Regen+}
 37247 | Gauntlet | Identified the +11 shortbow "Orb Guardian's Foe" {freeze,
                  | Dex+5}
 37354 | D:14     | Acquired 1255 gold pieces
 37391 | D:14     | Reached skill level 1 in Ranged Weapons
 38328 | D:14     | Reached skill level 5 in Long Blades
 38362 | D:14     | Found a shimmering blue altar of Sif Muna.
 38470 | D:15     | Entered Level 15 of the Dungeon
 39652 | D:15     | Gained mutation: You are mostly covered in sharp spines.
                  | [demonic ancestry]
 39652 | D:15     | Reached XP level 16. HP: 97/126 MP: 25/25
 39736 | D:15     | Received a gift from Nemelex Xobeh
 40214 | D:15     | Found Coagef's Jewellery Emporium.
 40220 | D:15     | Bought the ring of the Hare {EV+10} for 1536 gold pieces
 40220 | D:15     | Found the ring of the Hare {EV+10}
 40243 | D:15     | Identified the +3 mace of Cruel Justice {freeze, Will++}
 40253 | D:15     | Received a gift from Nemelex Xobeh
 40573 | D:15     | Found a staircase to the Depths.
 40674 | D:15     | Noticed Agnes
 40693 | D:15     | Killed Agnes
 41268 | D:15     | Reached skill level 5 in Ranged Weapons
 41415 | D:15     | Received a gift from Nemelex Xobeh
 42047 | Swamp:2  | Learned a level 3 spell: Tukima's Dance
 42052 | Swamp:2  | Learned a level 4 spell: Passage of Golubria
 42115 | Swamp:2  | Received a gift from Nemelex Xobeh
 42364 | Swamp:4  | Entered Level 4 of the Swamp
 44126 | Swamp:4  | Noticed a thorn hunter
 44134 | Swamp:4  | Received a gift from Nemelex Xobeh
 45048 | Swamp:4  | Killed a thorn hunter
 45257 | Spider:1 | Received a gift from Nemelex Xobeh
 45633 | Spider:1 | Received a gift from Nemelex Xobeh
 45825 | Spider:1 | You fall into a shaft and drop 1 floor!
 46154 | Spider:2 | Received a gift from Nemelex Xobeh
 46193 | Spider:2 | Reached skill level 10 in Ranged Weapons
 46337 | Spider:2 | Received a gift from Nemelex Xobeh
 47844 | Spider:3 | Received a gift from Nemelex Xobeh
 47859 | Spider:3 | Gained mutation: A powerful demonic guardian rushes to your
                  | aid. [demonic ancestry]
 47859 | Spider:3 | Reached XP level 17. HP: 103/133 MP: 26/26
 48218 | Spider:4 | Entered Level 4 of the Spider Nest
 49059 | Spider:3 | Received a gift from Nemelex Xobeh
 50467 | Spider:4 | Upgraded the game from 0.30-a0-1161-g0704695555 to
                  | 0.30-a0-1163-gf69bf04e7a
 50471 | Spider:4 | Received a gift from Nemelex Xobeh
 51880 | Spider:4 | Received a gift from Nemelex Xobeh
 53021 | Swamp:4  | Reached skill level 12 in Fighting
 53953 | Swamp:4  | Reached skill level 5 in Hexes
 54472 | Swamp:4  | Gained mutation: You are completely covered in sharp
                  | spines. [demonic ancestry]
 54472 | Swamp:4  | Reached XP level 18. HP: 100/140 MP: 27/27
 54718 | Swamp:4  | Got a decaying rune of Zot
 55032 | Spider:4 | Identified the +0 trident of the Warrior {antimagic, +Blink
                  | rPois Str+2 Dex-2}
 56003 | Spider:4 | Identified the orb of Fykij {*Rage, Regen+}
 56041 | Spider:4 | Got a gossamer rune of Zot
 56450 | D:13     | Received a gift from Nemelex Xobeh
 56716 | D:13     | Killed Josephine
 57127 | Depths:1 | Entered Level 1 of the Depths
 57127 | Depths:1 | Received a gift from Nemelex Xobeh
 57929 | Elf:1    | Found Caysk's Self-Improvement Boutique.
 58545 | Elf:1    | Received a gift from Nemelex Xobeh
 58906 | Elf:1    | Learned a level 3 spell: Summon Guardian Golem
 59529 | Elf:2    | Found a runed translucent gate.
 59529 | Elf:2    | Found a runed translucent gate.
 59529 | Elf:2    | Found an opulent altar of Gozag.
 59529 | Elf:2    | Found a runed translucent gate.
 59530 | Elf:2    | Found Qadid's Assorted Antiques.
 59530 | Elf:2    | Noticed Suoweyxo's ghost (adept KoBr)
 60361 | Elf:2    | Found Keninten's Antique Armour Emporium.
 60367 | Elf:2    | Bought a jade-encrusted scale mail for 360 gold pieces
 60367 | Elf:2    | Identified the +4 scale mail of Fun {rElec rPois Int+3}
                  | (You bought it in a shop on level 2 of the Elven Halls)
 60452 | Elf:2    | Received a gift from Nemelex Xobeh
 60491 | Elf:2    | Found a runed translucent gate.
 60491 | Elf:2    | Found a runed translucent gate.
 60491 | Elf:2    | Found a runed translucent gate.
 60771 | Elf:2    | Reached skill level 13 in Fighting
 61168 | Elf:2    | Reached XP level 19. HP: 50/139 MP: 26/28
 61812 | Elf:3    | Received a gift from Nemelex Xobeh
 61851 | Elf:3    | Found Gaxziy's Antique Weapon Shoppe.
 61854 | Elf:3    | Paralysed by an air elemental for 1 turns
 61859 | Elf:3    | Paralysed by an air elemental for 1 turns
 61885 | Elf:3    | Bought a transparent triple sword for 645 gold pieces
 61885 | Elf:3    | Identified the +8 triple sword "Udyniruge" {heavy, Str+2}
                  | (You bought it in a shop on level 3 of the Elven Halls)
 62848 | Vaults:1 | Entered Level 1 of the Vaults
 63772 | Depths:1 | Found a gateway to Hell.
 63862 | Depths:1 | Received a gift from Nemelex Xobeh
 63935 | Depths:1 | Reached skill level 10 in Long Blades
 64009 | Depths:1 | Upgraded the game from 0.30-a0-1163-gf69bf04e7a to
                  | 0.30-a0-1164-ge08a67761e
 64894 | Depths:1 | Found a one-way gate leading to the halls of Pandemonium.
 64916 | Depths:1 | Found a one-way gate to the infinite horrors of the Abyss.
 65006 | Depths:2 | Noticed a caustic shrike
 65152 | Depths:2 | Found Qagongu's Book Shop.
 65275 | Depths:2 | Found a runed translucent door.
 65276 | Depths:2 | Found a runed translucent door.
 65277 | Depths:2 | Noticed a golden dragon
 65283 | Depths:2 | Noticed a caustic shrike
 65295 | Depths:1 | Killed a caustic shrike
 65296 | Depths:1 | Killed a caustic shrike
 65701 | Depths:2 | Reached skill level 14 in Fighting
 65926 | Depths:2 | Received a gift from Nemelex Xobeh
 66246 | Depths:2 | Identified the +8 glaive of Wu Jian {freeze, Fly Str-2
                  | Dex+2}
 66365 | Depths:2 | Found a portal to a secret trove of treasure.
 66688 | Orc:2    | Bought a scroll of blinking for 90 gold pieces
 66688 | Orc:2    | Bought a scroll of teleportation for 36 gold pieces
 66688 | Orc:2    | Bought a scroll of fog for 48 gold pieces
 66688 | Orc:2    | Bought a scroll of magic mapping for 90 gold pieces
 67128 | Depths:2 | Found a shimmering altar of Xom.
 67130 | Depths:2 | Found an ancient bone altar of Kikubaaqudgha.
 67130 | Depths:2 | Found a hazy altar of Hepliaklqana.
 67132 | Depths:2 | Found a basalt altar of Yredelemnul.
 67132 | Depths:2 | Found a sparkling altar of Nemelex Xobeh.
 67132 | Depths:2 | Found a shimmering blue altar of Sif Muna.
 67198 | Depths:2 | Received a gift from Nemelex Xobeh
 67554 | Depths:2 | Killed a golden dragon
 68336 | Depths:2 | Found a runed translucent door.
 68336 | Depths:2 | Found a runed translucent door.
 69091 | Elf:3    | Paralysed by a floating eye for 2 turns
 69098 | Elf:3    | Identified the staff of death "Yggou" {Fragile rC+ rN+
                  | rCorr Dex+3}
 69980 | Elf:3    | Identified the ring of Koleapuo {rPois rF+ rCorr Dex+3}
 70028 | Elf:3    | Gained mutation: You are robust. (+10% HP) [demonic
                  | ancestry]
 70028 | Elf:3    | Reached XP level 20. HP: 58/173 MP: 27/29
 71311 | Vaults:1 | Identified the +0 pair of gloves of the Trees {rElec}
 71508 | Vaults:2 | Received a gift from Nemelex Xobeh
 71533 | Vaults:2 | Reached skill level 15 in Fighting
 71610 | Vaults:2 | Reached skill level 5 in Shields
 72298 | Vaults:2 | Received a gift from Nemelex Xobeh
 72668 | Vaults:2 | Paralysed by a great orb of eyes for 5 turns
 73202 | Vaults:2 | Found a runed translucent door.
 73202 | Vaults:2 | Noticed Putsipo's ghost (veteran GrGl)
 73444 | Depths:2 | You paid a toll of 7 scrolls of blinking to enter a
                  | treasure trove
 73445 | Trove    | Entered a treasure trove
 73532 | Trove    | Identified the amulet "Adiaclimn" {Faith rElec rF- rN+
                  | Will+}
 73534 | Trove    | Identified the amulet "Qigiereh" {RegenMP rElec rC- Will+
                  | Int+3}
 73537 | Trove    | Identified the amulet of Popruf {Spirit Rampage rElec rPois
                  | Will-}
 73865 | Depths:3 | Found a sacrificial altar of Ru.
 73960 | Depths:3 | Found a one-way gateway to a ziggurat.
 74403 | Depths:3 | Identified the +7 spear of Niutub {flame, Dex+3}
 74455 | Depths:3 | Noticed a caustic shrike
 74458 | Depths:3 | Noticed a caustic shrike
 74458 | Depths:3 | Noticed a caustic shrike
 74467 | Depths:3 | Killed a caustic shrike
 74472 | Depths:3 | Killed a caustic shrike
 74490 | Depths:3 | Paralysed by a floating eye for 3 turns
 75351 | Depths:3 | Identified the staff of poison "Ipni" {rPois Int+5}
 75635 | Depths:3 | Received a gift from Nemelex Xobeh
 75829 | Depths:3 | Noticed a juggernaut
 75851 | Depths:3 | Killed a juggernaut
 75852 | Depths:3 | Reached skill level 16 in Fighting
 75962 | Depths:3 | Identified the +2 flail of Qazlal {heavy, +Blink rPois
                  | Int-5 Stlth+}
 76164 | Depths:3 | Killed a caustic shrike
 76213 | Depths:3 | Found a runed translucent door.
 76283 | Depths:3 | Found a runed translucent door.
 76288 | Depths:3 | Noticed a golden dragon
 76372 | Depths:3 | Identified the +0 leather armour of Insatiable Hunger
                  | {Str+3}
 76570 | Depths:3 | Gained mutation: Your touch may irresistibly damage your
                  | foes and sap their willpower. [demonic ancestry]
 76570 | Depths:3 | Reached XP level 21. HP: 157/188 MP: 30/30
 76783 | Depths:3 | Killed a golden dragon
 77048 | Depths:4 | Entered Level 4 of the Depths
 77126 | Depths:4 | Received a gift from Nemelex Xobeh
 78175 | Vaults:1 | You fall into a shaft and drop 1 floor!
 78701 | Vaults:1 | Received a gift from Nemelex Xobeh
 78921 | Vaults:2 | Reached skill level 15 in Long Blades
 79238 | Vaults:2 | Killed Putsipo's ghost
 79626 | Vaults:3 | Received a gift from Nemelex Xobeh
 79806 | Vaults:3 | Paralysed by a great orb of eyes for 4 turns
 80253 | Vaults:4 | Paralysed by a great orb of eyes for 2 turns
 80564 | Vaults:3 | Received a gift from Nemelex Xobeh
 80988 | Vaults:3 | Found a staircase to the Crypt.
 81005 | Crypt:1  | Entered Level 1 of the Crypt
 81271 | Vaults:4 | Received a gift from Nemelex Xobeh
 82160 | Vaults:3 | Reached XP level 22. HP: 172/198 MP: 31/31
 82822 | Crypt:1  | HP: 9/184 [phantasmal warrior[a vampire knight] (22)]
 83103 | Crypt:1  | Received a gift from Nemelex Xobeh
 83159 | Crypt:1  | Reached skill level 17 in Fighting
 83177 | Crypt:1  | Paralysed by a vampire knight for 4 turns
 83639 | Crypt:1  | Noticed Boris
 83653 | Crypt:1  | Killed Boris
 84054 | Crypt:3  | Entered Level 3 of the Crypt
 84283 | Crypt:1  | Upgraded the game from 0.30-a0-1164-ge08a67761e to
                  | 0.31-a0-1-g4198be8af4
 84907 | Elf:3    | Identified the +3 kite shield of the Lost Violins {+Inv Fly
                  | rF++ Int-5}
 84949 | Abyss:3  | Cast into level 3 of the Abyss (a deep elf sorcerer)
 84961 | Abyss:3  | Received a gift from Nemelex Xobeh
 85126 | Abyss:3  | Gained mutation: Armour fits poorly on your strangely
                  | shaped body. [a cacodemon]
 85278 | Elf:3    | Escaped the Abyss
 85619 | Elf:3    | Identified the +1 short sword of Sadixkoczo {vamp, Dex+4}
 85619 | Elf:3    | Identified the +3 chain mail of Sumpokh {Harm rCorr}
 85662 | Elf:3    | Identified the +0 buckler "Cextucoaru" {rCorr}
 85662 | Elf:3    | Identified the amulet of Yredelemnul's Outrage {Harm
                  | Regen+}
 85734 | Elf:3    | Received a gift from Nemelex Xobeh
 85754 | Elf:3    | Reached skill level 15 in Ranged Weapons
 85802 | Elf:3    | Reached skill level 15 in Dodging
 85908 | Elf:3    | Got Sif Muna's Discourse on Diablerie and Execration
 85911 | Elf:3    | Got Vehumet's Codex of Bombardment
 85914 | Elf:3    | Got Segus's Folio of Polar Despair
 86550 | Elf:2    | Killed Suoweyxo's ghost
 86654 | Elf:2    | Gained mutation: Your system is resistant to poisons.
                  | (rPois) [a neqoxec]
 86697 | Elf:2    | Bought a scroll of fog for 172 gold pieces
 86697 | Elf:2    | Bought a scroll of teleportation for 129 gold pieces
 87637 | Crypt:3  | Noticed Grunn
 88481 | Crypt:3  | Killed Grunn
 88618 | Crypt:3  | Reached skill level 18 in Fighting
 88673 | Crypt:2  | Upgraded the game from 0.31-a0-1-g4198be8af4 to
                  | 0.31-a0-4-gefa6de2278
 88904 | Crypt:3  | Gained mutation: You are mostly covered in slimy green
                  | scales. (AC +3) [demonic ancestry]
 88904 | Crypt:3  | Reached XP level 23. HP: 199/209 MP: 32/32
 89056 | Crypt:3  | Received a gift from Nemelex Xobeh
 89062 | Crypt:3  | Found a basalt altar of Yredelemnul.
 89602 | Crypt:3  | Found a staircase to the Tomb.
 89616 | Tomb:1   | Entered Level 1 of the Tomb of the Ancients
 89863 | Crypt:3  | Identified the +7 lajatang "Demonspawn's Curse" {freeze,
                  | *Noise Int+5 SInv}
 90153 | Crypt:3  | Identified the +9 shortbow of Hepeo {elec, rC- Dex+2
                  | Stlth+}
 90353 | Crypt:3  | Identified the +0 quarterstaff of Sloth {freeze, rElec rF+}
 90421 | Crypt:3  | Paralysed by a vampire knight for 4 turns
 90668 | Crypt:3  | Acquired the scarf of Baibeoz {shadows, rN+}
 90709 | Crypt:3  | Got the Vademecum on Necromantic Liturgies
 91429 | Vaults:4 | Received a gift from Nemelex Xobeh
 93053 | Vaults:5 | Entered Level 5 of the Vaults
 93060 | Vaults:4 | HP: 2/211 [vault guard/+0 great sword (15)]
 93443 | Vaults:5 | Noticed a dread lich
 93565 | Vaults:4 | Killed a dread lich
 94476 | Abyss:3  | Found a corrupted altar of Lugonu.
 94476 | Abyss:3  | Received a gift from Nemelex Xobeh
 94476 | Abyss:3  | Cast into level 3 of the Abyss (a deep elf sorcerer)
 94528 | Abyss:3  | Found a corrupted altar of Lugonu.
 94545 | Vaults:5 | Escaped the Abyss
 95091 | Vaults:5 | Reached skill level 19 in Fighting
 95416 | Vaults:5 | Gained mutation: You are completely covered in slimy green
                  | scales. (AC +4, rPois) [demonic ancestry]
 95416 | Vaults:5 | Reached XP level 24. HP: 207/221 MP: 33/33
 96742 | Vaults:5 | Found Orhipy's Magic Scroll Boutique.
 96905 | Vaults:5 | Received a gift from Nemelex Xobeh
 96924 | Vaults:5 | Found the +5 Storm Queen's Shield {shock, Fly rElec}
 97162 | Vaults:5 | Identified the +1 chain mail "Uzojivuf" {rPois Will++}
 97323 | Vaults:5 | Identified the +0 chain mail of Calculation {rC- Dex+7}
 97324 | Vaults:5 | Identified the +10 shortbow of Qure {flame, rC++}
 97326 | Vaults:5 | Got a silver rune of Zot
 98235 | Depths:4 | Found a blossoming altar of Fedhas.
 98380 | Depths:4 | Found a shimmering blue altar of Sif Muna.
 98396 | Depths:4 | Noticed a juggernaut
 98538 | Depths:4 | Identified the amulet "Qulob" {RegenMP rElec}
 98719 | Depths:4 | Received a gift from Nemelex Xobeh
 98975 | Depths:4 | Found Itoewk's Antique Weapon Emporium.
 98977 | Depths:4 | Found Anlodd's Armour Shoppe.
 98979 | Depths:4 | Bought a warped long sword for 416 gold pieces
 98979 | Depths:4 | Identified the +10 long sword of Licloz {vamp, rPois} (You
                  | bought it in a shop on level 4 of the Depths)
 99268 | Depths:4 | Found a gate to the Realm of Zot.
 99560 | Zot:1    | Entered Level 1 of the Realm of Zot
 99651 | Zot:1    | HP: 8/222 [yellow draconian annihilator/crystal spear[a
                  | yellow draconian annihilator] (30)]
 99871 | Zot:1    | Received a gift from Nemelex Xobeh
100293 | Zot:1    | Reached skill level 15 in Invocations
100613 | Zot:1    | Identified the staff of death "Fausubal" {rN+ Will+ SInv}
100614 | Zot:1    | Identified the +4 falchion of Enipt {drain, rC+ SInv}
100616 | Zot:1    | Got the Encyclopedia of the Big Fish
101172 | Zot:2    | Received a gift from Nemelex Xobeh
101279 | Zot:2    | Identified the +5 demon trident of Division {flame, rF+}
101511 | Zot:2    | Noticed a Killer Klown
101519 | Zot:2    | Killed a Killer Klown
102437 | Zot:2    | Reached skill level 10 in Summonings
102437 | Zot:2    | Gained mutation: You are very robust. (+20% HP) [demonic
                  | ancestry]
102437 | Zot:2    | Reached XP level 25. HP: 210/252 MP: 34/34
102442 | Zot:2    | Identified the staff of cold "Ufio" {rC+ Int+2}
102963 | Zot:2    | Identified the +9 scimitar of Linearity {pain, Will+ Int+3}
104030 | Zot:2    | Identified the +10 sling of Youthful Indiscretion {heavy,
                  | rElec rF+ Str+3}
104179 | Zot:3    | Reached skill level 20 in Fighting
104747 | Zot:3    | Received a gift from Nemelex Xobeh
105553 | Zot:5    | Entered Level 5 of the Realm of Zot
106749 | Zot:4    | Received a gift from Nemelex Xobeh
108365 | Zot:5    | Noticed an ancient lich
108742 | Orc:1    | Bought a scroll of teleportation for 45 gold pieces
108742 | Orc:1    | Bought a scroll of fog for 60 gold pieces
108742 | Orc:1    | Bought a scroll of teleportation for 45 gold pieces
108812 | D:11     | Bought a potion of heal wounds for 145 gold pieces
109037 | Vaults:5 | Bought a scroll of fog for 60 gold pieces
109037 | Vaults:5 | Bought a scroll of teleportation for 45 gold pieces
109605 | Zot:5    | Killed an ancient lich
109607 | Zot:5    | Noticed an orb of fire
109623 | Zot:5    | Noticed an orb of fire
109837 | Zot:5    | Noticed a dread lich
109848 | Zot:5    | Killed an orb of fire
109852 | Zot:5    | Killed a dread lich
109855 | Zot:5    | Noticed a dread lich
109867 | Zot:5    | Killed a dread lich
109924 | Zot:5    | Noticed a dread lich
110108 | Zot:5    | Paralysed by a dread lich for 5 turns
110124 | Zot:5    | Killed a dread lich
110179 | Zot:5    | Noticed an orb of fire
110199 | Zot:5    | Gained mutation: You are vulnerable to heat. (rF-) [an orb
                  | of fire]
110260 | Zot:2    | Lost mutation: Armour fits poorly on your strangely shaped
                  | body. [potion of mutation]
110260 | Zot:2    | Lost mutation: Your system is resistant to poisons. (rPois)
                  | [potion of mutation]
110260 | Zot:2    | Lost mutation: You are vulnerable to heat. (rF-) [potion of
                  | mutation]
110260 | Zot:2    | Gained mutation: You occasionally lose the ability to drink
                  | potions when taking damage. [potion of mutation]
110260 | Zot:2    | Gained mutation: You are somewhat resistant to further
                  | mutation. [potion of mutation]
110429 | Zot:5    | Killed an orb of fire
110501 | Zot:5    | Reached XP level 26. HP: 260/264 MP: 35/35
110523 | Zot:5    | Noticed an ancient lich
110541 | Zot:5    | Killed an ancient lich
110946 | Zot:5    | Gained mutation: You sometimes lose the ability to drink
                  | potions when taking damage. [an orb of fire]
110967 | Zot:5    | Gained mutation: You have a pair of small antennae on your
                  | head. [an orb of fire]
110981 | Zot:5    | Killed an orb of fire
110982 | Zot:5    | Reached skill level 21 in Fighting
111371 | Zot:5    | Noticed a dread lich
111387 | Zot:5    | Killed a dread lich
111793 | Zot:5    | Noticed an ancient lich
111880 | Zot:5    | Got the Orb of Zot
111910 | Zot:5    | Noticed Mibegora the pandemonium lord
112228 | D:14     | Noticed Itsaopikh the pandemonium lord
112257 | D:13     | Killed Itsaopikh the pandemonium lord
112511 | D:3      | Noticed Uraedd the pandemonium lord
112596 | D:1      | YESSSS
112597 | D:$      | Escaped with the Orb!

Illustrated notes

#.....# ####### #.......
#..#### ##.##### #.....# #.#
#..#.## #.# #..#.##♣♣♣♣ #.#
#..#......♣♣ ♣♣♣ #.#
#..##....>.♣♣♣♣♣.♣♣♣♣♣♣##.##
#..####♣..♣.♣...♣♣♣..♣..)..##
#..####♣♣♣.♣..@....♣♣.♣##.#.###
#.....# ♣♣♣♣....♣.♣♣..##......
#..#### ♣♣♣♣♣♣♣♣♣♣♣####.###
#.## #.#.## #.# ##.## #.#
####### ###.####### ### #...
..........###.#####♣ #.##
###.#####..........### #>..


Turn 112596 on D:1: YESSSS

Levels and vault maps discovered:
D:1:      roderic_dead_forest, layout_loops_ring
D:2:      layout_basic, basic_altar, st_stairs_7
D:3:      layout_basic, ebering_ecumenical_altar_hall, uniq_ijyb
D:4:      layout_rooms, mainiacjoe_overflow_large_starburst, serial_shops, shop,
          serial_bayou, serial_bayou_lagoon_a, serial_bayou_pond_e,
          serial_bayou_lake_a, serial_bayou_ford_a, uniq_grinder
D:5:      minmay_angry_zag, layout_basic, kennysheep_mini_moat,
          minmay_temple_entry_wispy, st_stairs_8
D:6:      layout_basic, tgw_trog, serial_shops, shop
D:7:      layout_loops_cross, tso_metal_star
D:8:      layout_cave_pools, erik_lair_island, serial_shops, shop,
          nicolae_diode_stairs
D:9:      layout_irregular_city, amcnicky_altar_gilded, orc_0_dummy,
          serial_co_window_serial, co_window_cross_1, co_window_corner_a,
          co_window_of_opportunity_a, co_window_paths_a, co_window_paths_b,
          co_window_paths_b, co_window_corner_a, co_window_paths_b,
          co_window_paths_a, co_window_cross_2, co_window_unsneaky_path_a,
          co_window_cross_3, co_window_corner_b, co_window_corner_b,
          co_window_corner_b, glass_columns_a, grunt_ministairs_5
D:10:     layout_small_grid, serial_bayou, serial_bayou_pond_b,
          serial_bayou_shore_a, serial_bayou_pond_e, serial_bayou_pond_b,
          uniq_maggie
D:11:     cheibrodos_breeding_chamber, layout_loops_ring, serial_shops,
          shop_statue, shop, nicolae_diamond_shop, nicolae_shop_window_shopping,
          nicolae_shop_real_fake_doors, uniq_sonja, uniq_amaemon
D:12:     layout_loops_ring, nicolae_wu_jian_wuxing_cycle, uniq_maurice
D:13:     layout_long_grid, grunt_vaults_entry_tiered,
          portal_ice_cave_entry_imps, uniq_josephine, uniq_erolcha
D:14:     layout_roguey, lemuel_blue_sif_altar, gauntlet_entry_generic
D:15:     grunt_enter_depths_hoard, layout_stronghold, serial_shops, shop,
          uniq_agnes
Temple:   nicolae_temple_elliptical
Lair:1:   layout_regular_city, infiniplex_staircase_pool
Lair:2:   layout_small_grid, basic_altar
Lair:3:   layout_misc_corridors, skrybe_swamp_entry_bodies,
          nicolae_spider_entry_tight_spaces, uniq_urug
Lair:4:   onia_ninara_swampy_vault, layout_regular_city, slime_entry_2,
          ebering_ghost_inner_flame
Lair:5:   guppyfry_lair_end_dragon, layout_big_grid,
          lightli_volcano_entry_magma_tube
Swamp:1:  layout_basic_swamp, hangedman_swamp_diagram, statue_in_the_mist_lemuel
Swamp:2:  layout_falls_marsh, evilmike_swamp_ruin_house_1, swamp_pool1
Swamp:3:  layout_basic_swamp, evilmike_swamp_ruin_house_3
Swamp:4:  swamp, layout_basic_swamp, swamp_pool1
Spider:1: layout_spider_delve
Spider:2: layout_chambers, nicolae_looking_at_the_future
Spider:3: layout_spider_delve
Spider:4: spider_rune_water
Slime:1:  layout_caves
Orc:1:    layout_diamond_mine, serial_shops, shop
Orc:2:    st_orc_town, layout_diamond_mine, serial_shops,
          nicolae_shop_gaudy_bauble
Elf:1:    layout_geoelf_octagon, hangedman_elf_disciples, nicolae_shop_self_help
Elf:2:    elven_hall_of_blades_hangedman_original [mumra_blade_entry_dagger],
          layout_loops_corners, ebering_ghost_gozag, serial_shops,
          nicolae_shop_back_alley_shop
Elf:3:    minmay_elf_hall_statues, layout_geoelf_octagon, serial_shops, shop,
          minmay_misc_feat_alley, small_chamber_with_monster
Vaults:1: nicolae_vaults_three_branches, nicolae_vaults_little_squares_3,
          grunt_vaults_focal, nicolae_vaults_trapezoid_1,
          nicolae_vaults_cochlea, vaults_room_hallway, vaults_room_semicircle,
          vaults_mumra_hex, layout_vaults_omnigrid
Vaults:2: hellmonk_ghost_happy_afterlife, v_misc_15, v_pattern_2,
          nicolae_vaults_trapezoid_layered, nicolae_vaults_cochlea, v_misc_3,
          grunt_vaults_hallway_long, nicolae_vaults_tetromino_L_2, v_misc_1,
          vaults_dpeg_encased_lava, nicolae_vaults_more_shelving_2,
          vaults_dpeg_hooks, nicolae_vaults_tetromino_L_2, vaults_room_pools,
          layout_vaults_chaotic_city
Vaults:3: nicolae_vaults_ellipses_ellipsis, v_rooms_5, v_rooms_5,
          minmay_crypt_entry_vampire_xt, v_misc_11,
          nicolae_vaults_surprise_closet_hard, v_misc_1,
          nicolae_vaults_storage_closets_1, nicolae_vaults_trapezoid_lopsided_1,
          nicolae_vaults_little_squares_3, layout_vaults_ring
Vaults:4: nicolae_vaults_swerve, nicolae_vaults_arrows,
          ontoclasm_vaults_shuriken, vaults_standard_mumra_x, v_misc_14,
          nicolae_vaults_specimen_jars, nicolae_vaults_trapezoid_4,
          ontoclasm_vaults_fault, v_pattern_5, nicolae_vaults_tetromino_L_2,
          vaults_room_hallway, ontoclasm_vaults_chip, layout_vaults_omnicross
Vaults:5: serial_shops
Crypt:1:  layout_basic, serial_sigils_hangedman_quiver, st_stairs_11,
          hex_medium, weyrava_lich_vault, uniq_josephina
Crypt:2:  layout_misc_corridors, amcnicky_mini_corridor_feature,
          grunt_ministairs_8
Crypt:3:  church_of_pain_bobbens, layout_chaotic_city,
          nicolae_tomb_entry_grand_gallery, hangedman_weighted_door,
          uniq_margery, uniq_grunn, uniq_boris
Tomb:1
Depths:1: layout_twisted_cross, rand_demon_pan_entry_5, hangedman_geh_valley,
          abyss_entry, hex_large, elyvilon_altar_5
Depths:2: impenetrable_vault, layout_gridlike, serial_shops,
          nicolae_shop_peninsula, hell_entry, serial_corexii_hall,
          corexii_hall_statues_x, corexii_hall_statues_l,
          grunt_pan_entry_zigzag, nicolae_trove_entry_crystal,
          doesnt_xom_only_xom
Depths:3: thingy_vault_2, layout_long_grid, enter_ziggurat_f, grunt_metal_band,
          nicolae_ru_awakened_eye, abyss_entry_crystal, dk_noncrumbling_4,
          minmay_multi_spiral, infiniplex_staircase_pool_2
Depths:4: grunt_zot_entry_bicorn, layout_gridlike, hangedman_abyss_entry_splay,
          mu_enter_wizlab_5, hell_entry, fedhas_altar_1, pan_entry,
          hangedman_summoners_spam, minmay_shoptagon
Zot:1:    layout_twisted_circle, st_large_dragon_hoard_1
Zot:2:    layout_onion_interference, grunt_ministairs_14,
          st_large_dragon_hoard_4
Zot:3:    layout_gridlike, st_single_dragon_hoard_4
Zot:4:    layout_twisted_circle, lemuel_elevator
Zot:5:    layout_cathedral_of_symmetry, st_stairs_3, hangedman_zot_decor_slant

Skill      XL: |  1  2  3  4  5  6  7  8  9 10 11 12 13 14 15 16 17 18 19 20 21 22 23 24 25 26 |
---------------+-------------------------------------------------------------------------------+-----
Translocations | 1 2 3 5 6 7 |  7.6
Short Blades   | 1 2 3 4 5 6 8 9 10 | 10.7
Conjurations   | 2 3 4 6 |  6.1
Spellcasting   | 4 5 6 |  6.0
Dodging        | 3 4 5 7 8 9 10 11 13 15 16 17 18 | 18.8
Stealth        | 3 4 6 7 8 |  8.0
Fighting       | 2 4 6 7 8 10 11 12 13 14 16 18 19 20 21 | 21.3
Hexes          | 4 5 |  5.0
Armour         | 3 5 7 9 10 11 12 | 12.3
Evocations     | 2 5 7 |  7.4
Summonings     | 5 6 10 13 | 13.1
Invocations    | 5 11 12 13 15 17 | 17.0
Long Blades    | 1 5 6 8 11 13 16 17 18 19 20 | 20.0
Shields        | 3 4 5 8 9 |  9.2
Ranged Weapons | 3 11 13 14 15 | 15.8

Action                     |  1- 3 |  4- 6 |  7- 9 | 10-12 | 13-15 | 16-18 | 19-21 | 22-24 | 25-27 || total
---------------------------+-------+-------+-------+-------+-------+-------+-------+-------+-------++-------
  Melee: Dagger            |   113 |       |       |       |       |       |       |       |       ||   113
         Touch             |     7 |     9 |    37 |   136 |   284 |    37 |   167 |    28 |       ||   705
         Short sword       |     3 |    59 |   182 |   617 |   869 |       |   315 |       |       ||  2045
         Punch             |       |       |     4 |     8 |    17 |     4 |    14 |     2 |       ||    49
         Rapier            |       |       |       |       |    43 |       |       |       |       ||    43
         Scimitar          |       |       |       |       |   637 |   178 |   353 |   137 |   192 ||  1497
         Triple sword      |       |       |       |       |       |       |   351 |   956 |    68 ||  1375
         Long sword        |       |       |       |       |       |       |       |     7 |   658 ||   665
   Fire: Shortbow          |       |       |       |       |       |  1693 |   921 |   714 |    24 ||  3352
         Sling             |       |       |       |       |       |       |       |       |   141 ||   141
  Throw: Stone             |       |       |     5 |     5 |       |       |       |       |       ||    10
         Dart              |       |       |       |       |       |       |     2 |     1 |       ||     3
   Cast: Magic Dart        |    38 |    58 |   153 |    85 |    77 |     1 |       |       |       ||   412
         Slow              |       |       |       |     8 |    82 |    11 |       |       |       ||   101
         Call Imp          |       |       |       |     6 |   140 |    70 |     8 |     1 |       ||   225
         Gell's Gravitas   |       |       |       |       |     6 |       |       |       |       ||     6
         Blink             |       |       |       |       |     2 |     1 |     2 |       |       ||     5
         Passage of Golubr |       |       |       |       |       |    10 |     2 |       |       ||    12
         Teleport Other    |       |       |       |       |       |     1 |       |       |       ||     1
         Summon Guardian G |       |       |       |       |       |    11 |    45 |    22 |     3 ||    81
         Tukima's Dance    |       |       |       |       |       |       |     1 |     1 |     1 ||     3
         Apportation       |       |       |       |       |       |       |     1 |       |       ||     1
 Invoke: Draw Summoning    |       |       |     2 |     1 |     7 |     2 |     2 |    12 |     9 ||    35
         Draw Destruction  |       |       |       |     7 |    21 |     9 |    11 |    11 |    15 ||    74
         Draw Escape       |       |       |       |     2 |     5 |     2 |     8 |     5 |     2 ||    24
         Draw Stack        |       |       |       |       |     5 |    23 |    15 |    12 |     2 ||    57
         Stack Five        |       |       |       |       |     1 |     5 |     3 |     2 |     1 ||    12
  Evoke: Wand              |       |       |       |       |       |     2 |     3 |       |     2 ||     7
         Lightning rod     |       |       |       |       |       |     5 |    13 |    10 |       ||    28
         Tin of tremorston |       |       |       |       |       |     3 |       |       |       ||     3
         Piece from Xom's  |       |       |       |       |       |       |     1 |       |       ||     1
    Use: Scroll            |     2 |     5 |     2 |    10 |    21 |     7 |    10 |     8 |     8 ||    73
         Potion            |       |       |     2 |     2 |     6 |     2 |    17 |    14 |     9 ||    52
   Stab: Sleeping          |     6 |     5 |     1 |     8 |     7 |     2 |     4 |    16 |     5 ||    54
         Distracted        |       |     1 |     2 |     7 |    19 |     5 |     7 |     3 |     6 ||    50
         Invisible         |       |       |       |       |       |       |     5 |     1 |       ||     6
 Armour: Robe              |    29 |    16 |       |       |       |       |       |       |       ||    45
         Leather armour    |       |     3 |    30 |    70 |    44 |       |       |       |       ||   147
         Acid dragon scale |       |       |       |       |   360 |   225 |   385 |   317 |   204 ||  1491
  Dodge: Dodged            |    87 |    39 |    88 |   328 |  1053 |  1091 |  1608 |  1753 |   938 ||  6985
  Block: Other             |       |       |       |    19 |   251 |   216 |   129 |       |       ||   615
         Reflection        |       |       |       |       |    13 |     7 |    11 |       |       ||    31
         Kite shield       |       |       |       |       |    24 |       |       |       |   655 ||   679
         Buckler           |       |       |       |       |       |       |     7 |       |       ||     7

Table legend: (Time is in decaauts)
 A = Elapsed time spent in this place.
 B = Non-inter-level travel time spent in this place.
 C = Inter-level travel time spent in this place.
 D = Time resting spent in this place.
 E = Time spent auto-exploring this place.
 F = Levels seen in this place.
 G = Mean time per level.
                   A        B        C        D        E       F      G
               +--------+--------+--------+--------+--------+-----+--------+
         Total | 112317 |  99869 |  12448 |  36801 |  26395 |  58 | 1936.5 |
       Dungeon |  26448 |  22190 |   4258 |   7829 |   7849 |  15 | 1763.2 |
        Temple |    333 |    311 |     22 |      0 |    128 |   1 |  333.0 |
          Lair |  13289 |  12204 |   1085 |   5653 |   2863 |   5 | 2657.8 |
         Swamp |   6344 |   6074 |    270 |   2766 |   1298 |   4 | 1586.0 |
   Spider Nest |   8789 |   7974 |    815 |   3135 |   2590 |   4 | 2197.2 |
    Slime Pits |      3 |      3 |      0 |      0 |      0 |   1 |    3.0 |
  Orcish Mines |   4445 |   3397 |   1048 |   1177 |   1110 |   2 | 2222.5 |
   Elven Halls |   8234 |   7604 |    630 |   2677 |   1203 |   3 | 2744.7 |
        Vaults |  14724 |  12965 |   1759 |   4637 |   3590 |   5 | 2944.8 |
         Crypt |   6000 |   5587 |    413 |   1219 |   1836 |   3 | 2000.0 |
          Tomb |      1 |      1 |      0 |      0 |      0 |   1 |    1.0 |
        Depths |  11092 |   9788 |   1304 |   3758 |   2065 |   4 | 2773.0 |
           Zot |  10605 |   9766 |    839 |   3587 |   1594 |   5 | 2121.0 |
         Abyss |    379 |    379 |      0 |     13 |     22 |   2 |  189.5 |
         Trove |    172 |    172 |      0 |      0 |      0 |   1 |  172.0 |
      Ice Cave |    865 |    865 |      0 |    204 |    245 |   1 |  865.0 |
      Gauntlet |    585 |    585 |      0 |    142 |      0 |   1 |  585.0 |
               +--------+--------+--------+--------+--------+-----+--------+

Top non-repeatable levels by time:
Vaults:4: 5063 daAuts
Depths:3: 3695 daAuts
   Elf:2: 3426 daAuts
  Lair:3: 3274 daAuts
Spider:4: 3254 daAuts
    D:15: 3186 daAuts
    D:14: 3075 daAuts
   Elf:3: 3040 daAuts
  Lair:4: 3027 daAuts
Vaults:3: 3000 daAuts
Vaults:2: 2939 daAuts
  Lair:5: 2886 daAuts
   Zot:5: 2829 daAuts
Spider:3: 2728 daAuts
Depths:1: 2723 daAuts
